 Dungeon Crawl Stone Soup version 0.24.0-13-gcf9b319 (webtiles) character file.

Game seed: 4635462974663412290, levelgen mode: deterministic

542 Blaza the Chopper (level 7, -9/91 HPs)
             Began as a Minotaur Berserker on Jan 11, 2020.
             Was a Priest of Trog.
             Mangled by a two-headed ogre
             ... wielding a +0 giant spiked club
              (17 damage)
             ... on level 4 of the Dungeon.
             The game lasted 00:13:36 (3400 turns).

Blaza the Chopper (Minotaur Berserker)              Turns: 3400, Time: 00:13:36

Health: -9/91      AC: 13    Str: 28    XL:     7   Next: 6%
Magic:  6/6        EV:  8    Int:  4    God:    Trog [***...]
Gold:   176        SH:  0    Dex: 10    Spells: 6/6 levels left

rFire    . . .     SeeInvis .   d - +0 hand axe (freeze)
rCold    + . .     Gourm    .   (no shield)
rNeg     . . .     Faith    +   v - +0 plate armour
rPois    .         Spirit   .   (helmet restricted)
rElec    .         Reflect  .   (no cloak)
rCorr    .         Harm     .   w - +0 pair of gloves
MR       .....                  (no boots)
Stlth    ..........             r - amulet of faith
HPRegen  0.25/turn              k - ring of protection from cold
MPRegen  0.10/turn              (no ring)

@: berserking, very quick
A: retaliatory headbutt, horns 2
a: Berserk, Trog's Hand, Renounce Religion


You were on level 4 of the Dungeon.
You worshipped Trog.
Trog was most pleased with you.
You were full.

You visited 1 branch of the dungeon, and saw 4 of its levels.

You collected 257 gold pieces.
You spent 81 gold pieces at shops.

Inventory:

Hand Weapons
 a - a +0 hand axe
 d - a +0 hand axe of freezing (weapon)
 p - a +0 hunting sling
Armour
 b - a +0 animal skin
 l - a +0 chain mail
 v - a +0 plate armour (worn)
 w - a +0 pair of gloves (worn)
Jewellery
 k - a ring of protection from cold (left hand)
 r - an amulet of faith (around neck)
Scrolls
 e - 4 scrolls of remove curse {unknown}
 i - 6 scrolls of identify {unknown}
 j - 3 scrolls of magic mapping {unknown}
 o - 3 scrolls of enchant weapon {unknown}
 s - 2 scrolls of teleportation {unknown}
 x - a scroll of random uselessness {unknown}
Potions
 g - 2 potions of heal wounds {unknown}
 h - a potion of agility {unknown}
 m - a potion of might {unknown}
 n - a potion of lignification {unknown}
 q - 4 potions of mutation {unknown}
 t - a potion of magic {unknown}
 u - 2 potions of cancellation {unknown}
Comestibles
 c - 3 rations


   Skills:
 + Level 5.0 Fighting
 + Level 7.1 Axes
 + Level 0.4 Throwing
 + Level 4.8 Armour
 + Level 3.6 Dodging
 + Level 0.4 Stealth


You had 6 spell levels left.
You didn't know any spells.
Your spell library was empty.

Dungeon Overview and Level Annotations

Branches:
Dungeon (4/15)
 Temple: D:4-7

Altars:
Gozag
Sif Muna

Shops:
D:4 (


Innate Abilities, Weirdness & Mutations

You reflexively headbutt those who attack you in melee.
You have a pair of horns on your head.


Message History

Your plate armour prevents you from hitting the two-headed ogre.
The two-headed ogre hits you with a +0 giant spiked club!
The two-headed ogre hits you with a +0 great mace!
You hit the two-headed ogre but do no damage.
You headbutt the two-headed ogre!
The two-headed ogre is moderately wounded.
The two-headed ogre barely misses you.
The two-headed ogre hits you with a +0 great mace!
* * * LOW HITPOINT WARNING * * *
You hit the two-headed ogre but do no damage.
The two-headed ogre is moderately wounded.
It was a potion of curing.
You feel better.
The two-headed ogre hits you with a +0 giant spiked club.
* * * LOW HITPOINT WARNING * * *
The two-headed ogre hits you with a +0 great mace!
* * * LOW HITPOINT WARNING * * *
A red film seems to cover your vision as you go berserk!
You feel yourself moving faster!
You feel mighty!
You feel a lot less full.
The two-headed ogre hits you with a +0 giant spiked club!
You die...

####......†#...###.### ##
####.##......^###.###...#
.##
#....#.#...#...##.......#
..#
#..##########..##..##..##
..# ##.# #.....####....#
.## ##.#
##.#........###### (.###
#..# #.##...#....##...#
#...####.#
#..##..##.........
#[)..##.## #@##
............# .....##.#
#.O#.#............#
.)##....#
##.#...###......###
.)).....#.##
.###.####..#....##
..)##......# .
#...#...#.....#
....#.##########
#...#.........# ..###.#
...##..## #.......#..#.##
....))###.#
#...####...<.###.###
.#.##.....#
#.....##..#...#...#


You could see a two-headed ogre.

Vanquished Creatures
  A sky beast (D:4)
  3 ogres (D:4)
  An orc wizard (D:3)
  2 worker ants (D:4)
  An adder (D:4)
  3 oozes
  4 worms
  A dart slug (D:4)
  4 leopard geckos
  11 orcs
  A ball python (D:4)
  3 giant cockroaches
  9 goblins
  4 hobgoblins
  4 jackals (D:4)
  3 quokkas
  9 bats
  7 frilled lizards
  6 kobolds
  5 rats
82 creatures vanquished.

Vanquished Creatures (others)
  A plant (D:1)
1 creature vanquished.

Grand Total: 83 creatures vanquished

Notes
Turn   | Place    | Note
-------+----------+-------------------------------------------
     0 | D:1      | Blaza the Minotaur Berserker began the quest for the Orb.
     0 | D:1      | Reached XP level 1. HP: 19/19 MP: 0/0
    86 | D:1      | Reached skill level 4 in Axes
    88 | D:1      | Reached XP level 2. HP: 23/27 MP: 1/1
   357 | D:1      | Reached XP level 3. HP: 30/33 MP: 2/2
   443 | D:1      | Reached ** piety under Trog
   831 | D:2      | Found a shimmering blue altar of Sif Muna.
  1083 | D:2      | Found an opulent altar of Gozag.
  1589 | D:3      | Reached skill level 5 in Axes
  1704 | D:3      | Reached XP level 4. HP: 40/40 MP: 3/3
  1786 | D:3      | Noticed a sky beast
  1845 | D:4      | Killed a sky beast
  1845 | D:4      | Reached XP level 5. HP: 31/47 MP: 4/4
  1987 | D:4      | Noticed an ogre
  1993 | D:4      | Killed an ogre
  1993 | D:4      | Reached skill level 6 in Axes
  1993 | D:4      | Reached XP level 6. HP: 34/53 MP: 5/5
  2136 | D:4      | Found Nadokk's Weapon Boutique.
  2219 | D:4      | Bought a +0 hand axe of freezing for 81 gold pieces
  2708 | D:4      | Reached *** piety under Trog
  3133 | D:4      | Reached skill level 5 in Fighting
  3133 | D:4      | Reached skill level 7 in Axes
  3133 | D:4      | Reached XP level 7. HP: 33/61 MP: 6/6
  3392 | D:4      | Noticed a two-headed ogre
  3400 | D:4      | Mangled by a two-headed ogre

Levels and vault maps discovered:
D:1:      dpeg_arrival_tiny_c, layout_rooms, grunt_decor_one_mirror,
          serial_bayou_lagoon_a
D:2:      layout_loops_ring, nicolae_gozag_cash_rules_everything_around_me,
          lemuel_crystal_altar
D:3:      layout_loops_cross, nicolae_overflow_hidden_temple,
          lemuel_coloured_pillars_altar
D:4:      minmay_angry_zag, layout_cave_pools, serial_shops,
          nicolae_shop_statue_plus, first_ration

Skill      XL: |  1  2  3  4  5  6 |
---------------+-------------------+-----
Axes           | 4 5 6 7 |  7.1
Fighting       | 4 5 |  5.0
Armour         | 3 4 |  4.8
Dodging        | 3 |  3.6
Throwing       | |  0.4
Stealth        | |  0.4

Action                   |  1- 3 |  4- 6 |  7- 9 || total
-------------------------+-------+-------+-------++-------
Melee: Hand axe          |   114 |    92 |    15 ||   221
       Headbutt          |    17 |    15 |     3 ||    35
Throw: Throwing net      |     2 |     1 |       ||     3
Invok: Berserk           |       |       |     1 ||     1
  Use: Potion            |       |       |     1 ||     1
 Stab: Held in net/web   |     1 |       |       ||     1
  Eat: Ration            |     1 |     1 |     2 ||     4
Armor: Animal skin       |    20 |       |       ||    20
       Chain mail        |    31 |    27 |       ||    58
       Plate armour      |       |     4 |     5 ||     9
Dodge: Dodged            |    68 |    39 |     3 ||   110
